 Dungeon Crawl Stone Soup version bcrawl-1.17.3 (webtiles) character file.

Game seed: 3841407929658805683

40 Freyura the Sneak (level 3, -3/33 HPs)
             Began as a Naga Sloth Apostle on Oct 20, 2019.
             Was a Follower of Cheibriados.
             Slain by a worm (8 damage)
             ... on level 2 of the Dungeon.
             The game lasted 00:04:34 (1368 turns).

Freyura the Sneak (Naga Sloth Apostle)              Turns: 1368, Time: 00:04:35

Health: -3/33      AC:  2    Str: 17    XL:     3   Next: 50%
Magic:  4/4        EV:  6    Int: 15    God:    Cheibriados [*.....]
Gold:   83         SH:  9    Dex: 19    Spells: 3/4 levels left

rFire    . . .     SeeInvis +   a - +0 hand axe
rCold    . . .     Gourm    .   c - +0 shield
rNeg     . . .     Faith    .   b - +0 robe
rPois    +         Spirit   .   (no helmet)
rElec    .         Reflect  .   (no cloak)
rCorr    .         Harm     .   (no gloves)
MR       .....                  (no barding)
Stlth    +++.......             (no amulet)
HPRegen  0.11/turn              i - +5 ring of dexterity
MPRegen  0.09/turn              (no ring)

@: very slow
A: large, see invisible, deformed body, poison resistance, slowness 2, slow
metabolism 1, spit poison 1, AC +1
a: Spit Poison, Bend Time, Renounce Religion


You were on level 2 of the Dungeon.
You worshipped Cheibriados.
Cheibriados was aware of your devotion.
You were hungry.

You visited 1 branch of the dungeon, and saw 2 of its levels.

You collected 83 gold pieces.

Inventory:

Hand Weapons
 a - a +0 hand axe (weapon)
Armour
 b - a +0 robe (worn)
 c - a +0 shield (worn)
Jewellery
 i - a +5 ring of dexterity (left hand)
 n - an uncursed ring of resist corrosion {unknown}
Wands
 d - a wand of paralysis (10)
Scrolls
 g - a scroll of enchant weapon {unknown}
 h - 2 scrolls of identify {unknown}
 j - a scroll of amnesia {unknown}
 l - a scroll of immolation {unknown}
Potions
 e - a potion of degeneration {unknown}
 k - a potion of cancellation {unknown}
 m - a potion of curing {unknown}
Comestibles
 f - 4 rations {!d}


   Skills:
 * Level 2.6 Fighting
 * Level 2.6 Axes
 - Level 4.8 Stealth
 + Level 1.9 Shields
 - Level 1.0 Spellcasting
 - Level 1.0 Hexes
 + Level 1.2 Invocations
 - Level 1.0 Evocations


You had 3 spell levels left.
You knew the following spells:

 Your Spells              Type           Power        Failure   Level  Hunger
a - Slow                  Hex            #.......     58%         1    ##.....
Your spell library was empty.

Dungeon Overview and Level Annotations

Branches:
Dungeon (2/12)

Altars:


Innate Abilities, Weirdness & Mutations

You cannot wear boots.
Your serpentine skin is tough. (AC +1)
You have supernaturally acute eyesight. (SInv)
Armour fits poorly on your strangely shaped body.
Your system is resistant to poisons. (rPois)
You cover ground very slowly.
You have a slow metabolism.
You can spit poison.


Message History

You are too injured to fight recklessly!
You are too injured to fight recklessly!
You completely miss the worm.
The worm is moderately wounded.
You hit the worm but do no damage.
The worm is moderately wounded.
The worm bites you!
You hit the worm but do no damage.
The worm is moderately wounded.
The worm bites you.
* * * LOW HITPOINT WARNING * * *
You barely miss the worm.
The worm is moderately wounded.
You block the worm's attack.
You hit the worm but do no damage.
The worm is moderately wounded.
Your shield prevents you from hitting the worm.
The worm is moderately wounded.
The worm bites you!
You die...

.. #.#.#. #.#.#.#
#...#.. #..#.. ##
#....#.# ##..##.##
#..$#.#.# #@##.#
#w###.# #.# #.# ..
#.# #.#
#..########.######
...................
#.............###.#
#..>.#.##.#..###.#
...................


You could see a worm.

Vanquished Creatures
  A worm (D:2)
  2 dart slugs (D:1)
  2 leopard geckos (D:1)
  3 ball pythons (D:1)
  2 giant cockroaches (D:1)
  4 goblins (D:1)
  2 hobgoblins (D:1)
  6 kobolds (D:1)
  3 bats (D:1)
  2 frilled lizards (D:1)
  3 rats (D:1)
  3 plants (D:1)
33 creatures vanquished.

Notes
Turn   | Place    | Note
-------+----------+-------------------------------------------
     0 | D:1      | Freyura the Naga Sloth Apostle began the quest for the Orb.
     0 | D:1      | Reached XP level 1. HP: 19/19 MP: 2/2
   284 | D:1      | Reached XP level 2. HP: 25/26 MP: 3/3
   743 | D:1      | Reached XP level 3. HP: 33/33 MP: 4/4
   748 | D:1      | Reached skill level 1 in Invocations
   812 | D:1      | Reached * piety under Cheibriados
  1368 | D:2      | Slain by a worm

Skill      XL: |  1  2  3 |
---------------+----------+-----
Invocations    | 1 |  1.2
Fighting       | |  2.6
Axes           | |  2.6
Stealth        | |  4.8
Shields        | |  1.9
Spellcasting   | |  1.0
Hexes          | |  1.0
Evocations     | |  1.0

Action                   || total
-------------------------++-------
Melee: Hand axe          ||   193
 Stab: Sleeping          ||     4
Armor: Robe              ||    18
Dodge: Dodged            ||    12
Block: Shield            ||    41
